 Dungeon Crawl Stone Soup version 0.24.0-1-gfbc8707122 (webtiles) character file.

Game seed: 9906730709595457526, levelgen mode: deterministic

380 Froggeryz the Chiller (level 6, 0/49 HPs)
             Began as a Naga Ice Elementalist on Oct 25, 2019.
             Succumbed to Robin's poison
             ... on level 3 of the Dungeon.
             The game lasted 00:04:44 (2040 turns).

Froggeryz the Chiller (Naga Ice Elementalist)       Turns: 2040, Time: 00:04:44

Health: 0/49       AC:  7    Str: 11    XL:     6   Next: 75%
Magic:  12/12      EV: 10    Int: 17    God:
Gold:   90         SH:  0    Dex: 11    Spells: 12/13 levels left

rFire    . . .     SeeInvis +   k - +3 quarterstaff (chaos)
rCold    . . .     Gourm    .   (shield currently unavailable)
rNeg     . . .     Faith    .   a - +0 robe
rPois    +         Spirit   .   (no helmet)
rElec    .         Reflect  .   l - +0 cloak
rCorr    .         Harm     .   (no gloves)
MR       .....                  (no barding)
Stlth    ++........             d - amulet of magic regeneration
HPRegen  0.16/turn              h - +3 ring of protection
MPRegen  0.38/turn              (no ring)

@: lethally poisoned (0 -> -1), very slow
A: large, see invisible, deformed body, poison resistance, slowness 2, slow
metabolism 1, spit poison 1, AC +2
a: Spit Poison


You were on level 3 of the Dungeon.
You were hungry.

You visited 1 branch of the dungeon, and saw 3 of its levels.

You collected 90 gold pieces.

Inventory:

Hand Weapons
 k - a +3 quarterstaff of chaos (weapon)
Missiles
 i - 4 poisoned darts (quivered)
Armour
 a - a +0 robe (worn)
 l - a +0 cloak (worn)
Jewellery
 d - an amulet of magic regeneration (around neck)
 h - a +3 ring of protection (left hand)
Wands
 j - a wand of digging (2)
Comestibles
 c - 6 rations


   Skills:
 + Level 0.1 Staves
 - Level 1.5 Dodging
 - Level 3.0 Stealth
 + Level 4.0 Spellcasting
   Level 1.0 Conjurations
 * Level 6.2 Ice Magic


You had 12 spell levels left.
You knew the following spells:

 Your Spells              Type           Power        Failure   Level  Hunger
a - Freeze                Ice            ###.         1%          1    None

Your spell library contained the following spells:

 Spells                   Type           Power        Failure   Level  Hunger
 Throw Frost              Conj/Ice       ###...       5%          2    ##.....
 Ozocubu's Armour         Chrm/Ice       ##......     13%         3    ###....
 Throw Icicle             Conj/Ice       ###.....     34%         4    ####...
 Summon Ice Beast         Ice/Summ       ##......     41%         4    ####...


Dungeon Overview and Level Annotations

Branches:
Dungeon (3/15)

Altars:
Gozag
Hepliaklqana
Kikubaaqudgha
Okawaru
Wu Jian


Innate Abilities, Weirdness & Mutations

You cannot wear boots.
Your serpentine skin is tough. (AC +2)
You have supernaturally acute eyesight. (SInv)
Armour fits poorly on your strangely shaped body.
Your system is resistant to poisons. (rPois)
You cover ground very slowly.
You have a slow metabolism.
You can spit poison.


Message History

Confirm with . or Enter, or press ? or * to list all spells.
Aiming: Freeze (safe; 1% risk of failure)
Press: ? - help, Shift-Dir - straight line, f - bat
Aim: a bat You freeze the bat!
You kill the bat!
You have got your breath back.
* * * LOW HITPOINT WARNING * * *
You feel sick.
You see here a bat corpse.
Unknown command.
You aren't carrying any potions.
* * * LOW HITPOINT WARNING * * *
You feel sick.
* * * LOW HITPOINT WARNING * * *
You feel sick.
* * * LOW HITPOINT WARNING * * *
You feel sick.
Found a blue potion.
You die...

#..... ###.## #.## .#.#
##.# #. #.# ## ##.###(
#!.############### #.#g.
#......@.........## #gg.
#.#############..†###.#g
#%....##g## #......)%##
#.....##%# #>..%......#
#.########## #. #


There were no monsters in sight!

Vanquished Creatures
  Sigmund (D:2)
  Crazy Yiuf (D:2)
  Natasha (thrice) (D:2)
  Robin (D:3)
  3 gnolls (D:2)
  3 adders (D:2)
  A worm (D:2)
  A dart slug (D:3)
  A leopard gecko (D:2)
  An orc (D:3)
  A giant cockroach (D:1)
  6 hobgoblins
  3 quokkas (D:2)
  A ball python (D:2)
  4 bats
  5 frilled lizards
  8 goblins
  4 kobolds (D:2)
  4 rats
52 creatures vanquished.

Vanquished Creatures (collateral kills)
  A goblin (D:3)
1 creature vanquished.

Grand Total: 53 creatures vanquished

Notes
Turn   | Place    | Note
-------+----------+-------------------------------------------
     0 | D:1      | Froggeryz the Naga Ice Elementalist began the quest for the
                  | Orb.
     0 | D:1      | Reached XP level 1. HP: 15/15 MP: 3/3
   219 | D:1      | Reached XP level 2. HP: 17/22 MP: 5/5
   349 | D:1      | You fall into a shaft and drop 1 floor!
   409 | D:2      | Found an opulent altar of Gozag.
   415 | D:2      | Found an ornate altar of the Wu Jian Council.
   421 | D:2      | Found a hazy altar of Hepliaklqana.
   424 | D:2      | Found an iron altar of Okawaru.
   424 | D:2      | Found an ancient bone altar of Kikubaaqudgha.
   470 | D:2      | Noticed Natasha
   475 | D:2      | Killed Natasha
   475 | D:2      | Reached skill level 4 in Ice Magic
   475 | D:2      | Reached XP level 3. HP: 20/28 MP: 3/6
   542 | D:2      | Reached XP level 4. HP: 27/36 MP: 3/8
   726 | D:2      | Noticed Natasha
   731 | D:2      | Killed Natasha
   755 | D:2      | Found a runed translucent door.
   756 | D:2      | Noticed Crazy Yiuf
   947 | D:2      | Reached XP level 5. HP: 14/42 MP: 5/9
  1193 | D:2      | Found an iron altar of Okawaru.
  1208 | D:2      | Reached skill level 5 in Ice Magic
  1374 | D:2      | Noticed Sigmund
  1386 | D:2      | Killed Sigmund
  1386 | D:2      | Reached XP level 6. HP: 13/49 MP: 6/11
  1750 | D:2      | Noticed Natasha
  1756 | D:2      | Killed Natasha
  1756 | D:2      | Reached skill level 6 in Ice Magic
  1862 | D:2      | Killed Crazy Yiuf
  2006 | D:3      | Noticed Robin
  2018 | D:3      | Killed Robin
  2030 | D:3      | HP: 2/49 [poisoned by Robin]
  2035 | D:3      | HP: 1/49 [poisoned by Robin]
  2040 | D:3      | Succumbed to Robin's poison

Levels and vault maps discovered:
D:1:      minmay_arrival_diagonal_passages, layout_rooms
D:2:      layout_loops_ring, minitemple, first_ration,
          okawaru_ov_weapons_minmay, uniq_sigmund, uniq_natasha,
          uniq_crazy_yiuf_cottage
D:3:      layout_loops_ring, serial_bayou, serial_bayou_ford_a,
          serial_bayou_pond_b, serial_bayou_pond_e, serial_bayou_pond_a,
          uniq_grinder, uniq_robin

Skill      XL: |  1  2  3  4  5  6 |
---------------+-------------------+-----
Ice Magic      | 4 5 6 |  6.2
Spellcasting   | 3 4 |  4.0
Staves         | |  0.1
Dodging        | |  1.5
Stealth        | |  3.0
Conjurations   | |  1.0

Action                   |  1- 3 |  4- 6 || total
-------------------------+-------+-------++-------
Melee: Short sword       |    41 |    20 ||    61
       Unarmed           |     1 |       ||     1
       Falchion          |       |     1 ||     1
       Quarterstaff      |       |    12 ||    12
Throw: Dart              |       |     1 ||     1
 Cast: Freeze            |    16 |    33 ||    49
 Abil: Spit Poison       |     4 |    13 ||    17
  Use: Scroll            |       |     3 ||     3
 Stab: Sleeping          |     4 |     2 ||     6
  Eat: Chunk             |       |     3 ||     3
Armor: Robe              |     7 |    32 ||    39
Dodge: Dodged            |    29 |    53 ||    82
       Rpst.: Falchion   |       |     3 ||     3
